 Dungeon Crawl Stone Soup version 0.18.1-8-gdd0e5ea (webtiles) character file.

62 Kzard the Skirmisher (level 3, -2/34 HPs)
             Began as a Minotaur Berserker on June 2, 2016.
             Was a Believer of Trog.
             Killed from afar by a dart slug (5 damage)
             ... with an exploding inner flame
             ... hexed by the player character
             ... on level 2 of the Dungeon.
             The game lasted 00:07:25 (1900 turns).

Kzard the Skirmisher (Minotaur Berserker)           Turns: 1900, Time: 00:07:27

Health: -2/34      AC:  9    Str: 21    XL:     3   Next: 85%
Magic:  2/2        EV:  8    Int:  5    God:    Trog [**....]
Gold:   107        SH:  0    Dex:  9    Spells: 0 memorised, 2 levels left

rFire  . . .     SeeInvis .     q - +0 hand axe
rCold  + . .     Gourm    .     v - +0 chain mail
rNeg   . . .     Faith    .     (no shield)
rPois  .         Spirit   .     (helmet restricted)
rElec  .         Dismiss  .     (no cloak)
rCorr  .         Reflect  .     (no gloves)
SustAt .         Harm     .     (no boots)
MR     .....                    (no amulet)
Stlth  ..........               (no ring)
                                k - ring of protection from cold

@: exhausted, flying, slowed, very slow, not resistant to hostile enchantments,
extremely unstealthy
A: retaliatory headbutt, horns 2
a: Berserk, Trog's Hand, Burn Spellbooks, Renounce Religion


You were on level 2 of the Dungeon.
You worshipped Trog.
Trog was pleased with you.
You were near starving.

You visited 1 branch of the dungeon, and saw 3 of its levels.

You collected 107 gold pieces.

Inventory:

Hand Weapons
 a - a +0 spear
 q - a +0 hand axe (weapon)
Missiles
 h - 37 stones (quivered)
Armour
 b - a +0 animal skin
 p - a +0 ring mail
 v - a +0 chain mail (worn)
Jewellery
 k - a ring of protection from cold (left hand)
Scrolls
 d - a scroll of remove curse
 e - a scroll of magic mapping {unknown}
 j - 4 scrolls of amnesia
Potions
 f - a potion of mutation {unknown}
 g - a potion of curing
 i - a potion of haste {unknown}
 l - a potion of invisibility {unknown}
 m - a potion of lignification {unknown}
 n - a potion of flight
 s - a potion of magic {unknown}
 u - a potion of heal wounds {unknown}
 x - a potion of brilliance {unknown}
 z - a potion of cancellation {unknown}
 B - a potion of berserk rage {unknown}
Comestibles
 c - 2 bread rations
 o - 3 fruits
 t - a slice of pizza


   Skills:
 + Level 4.4 Fighting
 + Level 4.4 Polearms
 + Level 0.4 Throwing
 + Level 2.8 Armour
 + Level 2.6 Dodging
 + Level 0.3 Stealth


You had 2 spell levels left.
You didn't know any spells.

Dungeon Overview and Level Annotations

Branches:
Dungeon (3/15)

Altars:


Innate Abilities, Weirdness & Mutations

You reflexively headbutt those who attack you in melee.
You have a pair of horns on your head.


Message History

You hit the dart slug but do no damage. You hit the dart slug.
The dart slug is heavily wounded.
You completely miss the dart slug.
The dart slug is lightly wounded.
The dart slug bites you but does no damage. x2
The dart slug misses you. The dart slug barely misses you.
You furiously retaliate!
You headbutt the dart slug. You hit the dart slug but do no damage.
The dart slug is severely wounded.
You hit the dart slug.
The dart slug explodes!
The fiery explosion engulfs the dart slug.
The dart slug explodes!
Trog accepts your kill. The fiery explosion engulfs you!
* * * LOW HITPOINT WARNING * * *
The fiery explosion engulfs the dart slug.
The dart slug explodes!
The fiery explosion engulfs you!
You die...

.....# #.###.#..# #.# #.#
#.##.# #.##.###.## #.# #.#
#.##.# #...## ##.#####.#
#.# ...#.#
####.###....<...# #.#
#..#.# ##.#..######## #.#
#....# ##.#.# #.# #..###
#§#.# #.. #..# ####§#.##
### #..##### #.§§@w..# #
.......######§#####.# #
##.#..........# #.# #
#.............# #.# #
#..#.#.#####..# #.#
########## ...#.#.#
#..#####.# #.........
.....).# #........#
#.########
...#.#.#####.###.#### #.#
#..#.#.....(...#.#######.#


You could see a dart slug (inner flame).

Vanquished Creatures
  2 adders (D:2)
  A worm (D:2)
  2 dart slugs
  2 giant geckos (D:1)
  7 bats
  2 giant cockroaches
  7 goblins
  4 hobgoblins
  A quokka (D:3)
  A ball python (D:2)
  2 kobolds (D:2)
  2 rats (D:2)
33 creatures vanquished.

Notes
Turn   | Place    | Note
--------------------------------------------------------------
     0 | D:1      | Kzard the Minotaur Berserker began the quest for the Orb.
     0 | D:1      | Reached XP level 1. HP: 19/19 MP: 0/0
   205 | D:1      | Reached XP level 2. HP: 27/27 MP: 1/1
   936 | D:2      | Reached XP level 3. HP: 29/34 MP: 2/2
  1069 | D:2      | Reached ** piety under Trog
  1900 | D:2      | Killed from afar by a dart slug

Skill      XL: |  1  2 |
---------------+-------+-----
Fighting       | 4 |  4.4
Polearms       | 4 |  4.4
Throwing       | |  0.4
Armour         | |  2.8
Dodging        | |  2.6
Stealth        | |  0.3

Action                   || total
-------------------------++-------
Melee: Spear             ||    24
       Headbutt          ||     9
       Hand axe          ||    41
Throw: Stone             ||    34
Invok: Berserk           ||     1
  Use: Scroll            ||     9
       Potion            ||     2
  Eat: Chunk             ||     2
Armor: Animal skin       ||     6
       Chain mail        ||    42
Dodge: Dodged            ||    46
